 Dungeon Crawl Stone Soup version 0.27-a0-124-g19cb506db8 (webtiles) character file.

Game seed: 7051990063135770929

93 tsouns the Firebug (level 4, -3/24 HPs)
             Began as a Tengu Fire Elementalist on Jan 26, 2021.
             Was a Follower of Dithmenos.
             Slain by a centaur (9 damage)
             ... on level 3 of the Dungeon.
             The game lasted 00:04:33 (2289 turns).

tsouns the Firebug (Tengu Fire Elementalist)        Turns: 2289, Time: 00:04:34

Health: -3/24      AC:  2    Str:  9    XL:     4   Next: 62%
Magic:  1/9        EV: 12    Int: 16    God:    Dithmenos [*.....]
Gold:   141        SH:  0    Dex: 14    Spells: 0/8 levels left

rFire    . . .     SeeInvis .   e - +1 mace (holy)
rCold    . . .     Faith    .   (no shield)
rNeg     . . .     Spirit   .   a - +0 robe
rPois    .         Reflect  .   (helmet restricted)
rElec    .         Harm     .   (no cloak)
rCorr    .         Rampage  .   (no gloves)
Will     .....                  (boots unavailable)
Stlth    ++........             (no amulet)
HPRegen  0.08/turn              (no ring)
MPRegen  0.11/turn              (no ring)

@: very slightly contaminated, wreathed by umbra
A: beak, talons 3
a: Renounce Religion


You were on level 3 of the Dungeon.
You worshipped Dithmenos.
Dithmenos was aware of your devotion.
You visited 1 branch of the dungeon, and saw 3 of its levels.

You collected 141 gold pieces.

Inventory:

Hand Weapons
 b - a +0 spear
 e - a +1 mace of holy wrath (weapon)
Missiles
 i - 5 silver boomerangs
 j - 8 poisoned darts (quivered)
 m - a throwing net
 s - 4 boomerangs
Armour
 a - a +0 robe (worn)
 n - a cursed +0 buckler
Jewellery
 q - an uncursed amulet of guardian spirit
Scrolls
 c - 2 scrolls of enchant weapon {unknown}
 f - 4 scrolls of identify {unknown}
 g - a scroll of teleportation {unknown}
 h - a scroll of remove curse {unknown}
 k - a scroll of fog {unknown}
 l - a scroll of noise {unknown}
 p - a scroll of magic mapping {unknown}
Potions
 d - 4 potions of heal wounds {unknown}
 o - a potion of lignification {unknown}
 r - 2 potions of brilliance {unknown}


   Skills:
 - Level 2.1 Dodging
 - Level 2.0 Stealth
 + Level 2.9 Spellcasting
 + Level 3.4 Conjurations
 + Level 4.2 Fire Magic


You couldn't memorise any spells.
You knew the following spells:

 Your Spells              Type           Power        Failure   Level
a - Foxfire               Conj/Fire      56%          3%          1
b - Conjure Flame         Conj/Fire      14%          12%         3
c - Sticky Flame          Conj/Fire      14%          36%         4

Your spell library contained the following spells:

 Spells                   Type           Power        Failure   Level
 Inner Flame              Hex/Fire       9%           24%         3
 Fireball                 Conj/Fire      7%           71%         5


Dungeon Overview and Level Annotations

Branches:
Dungeon (3/15)

Altars:
Dithmenos


Innate Abilities, Weirdness & Mutations

You have a beak for a mouth.
You have claws for feet.


Message History

You miscast Sticky Flame.
You are very lightly contaminated with residual magic.
Nothing appears to happen.
The centaur completely misses you. The centaur closely misses you.
Casting: Sticky Flame (potentially lethal; 36% risk of failure)
Confirm with . or Enter, or press ? or * to list all spells.
The spell is potentially lethal to cast (36% risk of failure)!
Continue anyway?
Aiming: Sticky Flame (potentially lethal; 36% risk of failure)
Press: ? - help, Shift-Dir - straight line, f/p - centaur
Aim: a centaur, quivering arrows (umbra, 0% to evade)
The sticky flame hits the centaur but does no damage.
The centaur is covered in liquid flames!
The centaur burns!
The centaur hits you.
Unknown command.
You hit the centaur. You claw the centaur.
The centaur is moderately wounded.
The centaur burns! x2; The centaur hits you!
* * * LOW HITPOINT WARNING * * *
The centaur hits you!
You die...

#.............#.#.
#.............#.#.
#...............#.
#............####.
######.................
..........[........####
#.#####....######'#.#
#.......#+## #.#.####
#######@#.#######.#...†.
.......>c...)...c....†..
#######.#.####......####
....... #....#.#
.##.#.#.##....#+# ..
...#.#.##.....^ .
.#..#.# ##....... #
#..#.# #.......# #.
#.......#


You could see a centaur (burning).

Vanquished Creatures
  A hound skeleton (D:2)
  An adder (D:2)
  An adder skeleton (D:2)
  2 adder zombies (D:2)
  2 worms (D:3)
  2 dart slugs (D:1)
  A leopard gecko (D:1)
  5 bats
  2 bat skeletons (D:2)
  2 giant cockroaches
  4 goblins
  9 hobgoblins
  5 kobolds
  3 ball pythons (D:1)
  A ball python zombie (D:2)
  A frilled lizard (D:2)
  A giant cockroach zombie (D:2)
  A jackal skeleton (D:2)
  A leopard gecko skeleton (D:2)
  2 leopard gecko zombies (D:2)
  A quokka skeleton (D:2)
  5 rats
53 creatures vanquished.

Vanquished Creatures (collateral kills)
  A foxfire (D:2)
1 creature vanquished.

Vanquished Creatures (others)
  86 foxfires
  2 withered plants (D:2)
88 creatures vanquished.

Grand Total: 142 creatures vanquished

Notes
Turn   | Place    | Note
-------+----------+-------------------------------------------
     0 | D:1      | tsouns the Tengu Fire Elementalist began the quest for the
                  | Orb.
     0 | D:1      | Reached XP level 1. HP: 10/10 MP: 4/4
   264 | D:1      | Reached XP level 2. HP: 15/15 MP: 0/6
   769 | D:1      | Reached XP level 3. HP: 19/19 MP: 5/7
   773 | D:1      | Learned a level 3 spell: Conjure Flame
   920 | D:2      | Reached skill level 4 in Fire Magic
  1180 | D:2      | Reached XP level 4. HP: 24/24 MP: 7/9
  1475 | D:2      | Found a faded altar of an unknown god.
  1505 | D:2      | Became a worshipper of Dithmenos the Shadowed
  1505 | D:2      | Reached * piety under Dithmenos
  1807 | D:2      | Learned a level 4 spell: Sticky Flame
  2276 | D:3      | Noticed a centaur
  2289 | D:3      | Slain by a centaur

Illustrated notes

Levels and vault maps discovered:
D:1:      evilmike_arrival_fibonacci_small, layout_basic
D:2:      layout_loops_ring, serial_undead, serial_undead_a, serial_undead_a,
          serial_undead_b, serial_undead_d, serial_undead_e, serial_undead_d,
          serial_undead_f, serial_undead_d, serial_undead_f, serial_undead_f,
          chequers_ecumenical_altar_island
D:3:      kennysheep_the_goblin_king, layout_basic,
          yredelemnul_forgotten_temple_becter, nzn_hepliaklqana_mist_gate,
          grunt_temple_overflow_open, bloody_makhleb, uniq_sigmund

Skill      XL: |  1  2  3 |
---------------+----------+-----
Conjurations   | 2 3 |  3.4
Fire Magic     | 4 |  4.2
Dodging        | |  2.1
Stealth        | |  2.0
Spellcasting   | |  2.9

Action                   |  1- 3 |  4- 6 || total
-------------------------+-------+-------++-------
Melee: Mace              |    31 |    37 ||    68
       Kick              |     3 |    12 ||    15
       Peck              |     3 |     7 ||    10
 Cast: Foxfire           |    39 |    17 ||    56
       Sticky Flame      |       |     1 ||     1
 Stab: Sleeping          |     1 |     3 ||     4
Armor: Robe              |     5 |     9 ||    14
Dodge: Dodged            |    27 |    34 ||    61

Table legend: (Time is in decaauts)
 A = Elapsed time spent in this place.
 B = Non-inter-level travel time spent in this place.
 C = Inter-level travel time spent in this place.
 D = Time resting spent in this place.
 E = Time spent auto-exploring this place.
 F = Levels seen in this place.
 G = Mean time per level.
                   A        B        C        D        E       F      G
               +--------+--------+--------+--------+--------+-----+--------+
         Total |   2323 |   2293 |     30 |      0 |   1818 |   3 |  774.3 |
       Dungeon |   2323 |   2293 |     30 |      0 |   1818 |   3 |  774.3 |
               +--------+--------+--------+--------+--------+-----+--------+

Top non-repeatable levels by time:
     D:2: 1314 daAuts
     D:1: 848 daAuts
     D:3: 160 daAuts
